 Dungeon Crawl Stone Soup version 0.27.1-37-g7b29ead8ac (console) character file.

Game seed: 10791314492735680409

60 grimtooth the Caller (level 3, -2/14 HPs)
             Began as a Felid Summoner on Dec 8, 2023.
             Slain by a hobgoblin (11 damage)
             ... on level 3 of the Dungeon.
             The game lasted 00:11:45 (4552 turns).

grimtooth the Caller (Felid Summoner)               Turns: 4552, Time: 00:11:46

Health: -2/14      AC:  1    Str:  4    XL:     3   Next: 82%
Magic:  6/7        EV: 17    Int: 17    God:
Gold:   75         SH:  0    Dex: 16    Spells: 0/6 levels left
                                        Lives:  0   Deaths: 0

rFire    . . .     SeeInvis +   (weapon unavailable)
rCold    + . .     Faith    .   (shield unavailable)
rNeg     . . .     Spirit   .   (armour unavailable)
rPois    .         Reflect  .   (helmet unavailable)
rElec    .         Harm     .   (cloak unavailable)
rCorr    .         Rampage  .   (gloves unavailable)
Will     .....                  (boots unavailable)
Stlth    +++.......             (no amulet)
HPRegen  0.04/turn              b - ring of protection from cold
MPRegen  0.10/turn              (no ring)

@: quick
A: very small, claws 1, fangs 3, see invisible, speed 1, shaggy fur 1, stealthy
paws, no weapons or thrown items, no armour, multi-lived
a: no special abilities


You were on level 3 of the Dungeon.
You visited 1 branch of the dungeon, and saw 3 of its levels.

You collected 75 gold pieces.

Inventory:

Jewellery
 b - a ring of protection from cold (left paw)
Scrolls
 a - 4 scrolls of identify {unknown}
 c - a scroll of teleportation {unknown}
 d - 3 scrolls of noise {unknown}
 e - a scroll of enchant weapon {unknown}
 i - a scroll of vulnerability {unknown}
Potions
 f - a potion of attraction {unknown}
 g - a potion of degeneration {unknown}
 h - a potion of ambrosia {unknown}
 j - a potion of curing {unknown}


   Skills:
 - Level 2.6 Dodging
 + Level 4.0 Stealth
 - Level 2.0 Spellcasting
 * Level 5.1 Summonings


You couldn't memorise any spells.
You knew the following spells:

 Your Spells              Type           Power      Damage    Failure   Level
L - Summon Small Mammal   Summ           76%        N/A       2%          1
N - Call Canine Familiar  Summ           19%        N/A       7%          3
P - Call Imp              Summ           19%        N/A       3%          2

Your spell library contained the following spells:

 Spells                   Type           Power      Damage    Failure   Level
 Corona                   Hex            1%         N/A       19%         1
 Summon Guardian Golem    Hex/Summ       10%        N/A       21%         3
 Ensorcelled Hibernation  Hex/Ice        2%         N/A       28%         2
 Tukima's Dance           Hex            1%         N/A       50%         3
 Summon Lightning Spire   Summ/Air       10%        N/A       56%         4
 Petrify                  Tmut/Erth      1%         N/A       88%         4
 Metabolic Englaciation   Hex/Ice        0%         N/A       99%         5
 Statue Form              Tmut/Erth      0%         N/A       100%        6
 Orb of Destruction       Conj           0%         N/A       100%        7
 Spellforged Servitor     Conj/Summ      5%         N/A       100%        7


Dungeon Overview and Level Annotations

Branches:
Dungeon (3/15)

Altars:

Shops:
D:1 ([


Innate Abilities, Weirdness & Mutations

You have sharp claws.
You have razor-sharp teeth.
You have supernaturally acute eyesight. (SInv)
You cover ground quickly. (Speed+)
You are covered in fur. (AC +1)
Your paws help you pounce on unaware monsters.
You are incapable of wielding weapons or throwing items.
You cannot wear armour.
You gain extra lives every three experience levels.


Message History

You scratch the hobgoblin but do no damage.
Your quokka bites the hobgoblin.
The hobgoblin closely misses you.
You scratch the hobgoblin.
You kill the hobgoblin!
Found an escape hatch in the ceiling.
j - a green potion
Things that are here:
27 stones; a hobgoblin corpse Magic restored.
A rat comes into view.
A rat is nearby!
The helpless rat fails to defend itself.
You claw the rat!
You kill the rat!
You see here a rat corpse.
You swap places.
Your quokka disappears in a puff of smoke!
A hobgoblin comes into view. It is wielding a +0 rapier.
Found an escape hatch in the floor.
The hobgoblin shouts!
You scratch the hobgoblin but do no damage.
The hobgoblin hits you with a +0 rapier.
You scratch the hobgoblin but do no damage.
The hobgoblin completely misses you.
You scratch the hobgoblin but do no damage.
The hobgoblin barely misses you.
You scratch the hobgoblin but do no damage.
The hobgoblin misses you.
Casting: Summon Small Mammal (safe; 2% risk of failure)
Confirm with . or Enter, or press ? or * to list all spells.
The spell is potentially lethal to cast (7% risk of failure)!
Continue anyway?
Okay, then.
Casting: Call Canine Familiar (potentially lethal; 7% risk of failure)
Confirm with . or Enter, or press ? or * to list all spells.
The hobgoblin misses you.
You scratch the hobgoblin.
The hobgoblin is almost dead.
The hobgoblin hits you with a +0 rapier!
Ouch! That really hurt!
You die...

#...##
..#..############
#...........§...#
.###.##########.#
#....<...# #.#
.#.......# ##.##
.#..†....#
##...##
.........#
#.....#
.#.......#
##.....#
.#.......#
#......#
.#.......#
#.#..@.#
.#########
#.##.#g# ......
#. #.#r# ####..
#.#.# .###. ...>#
..... ##.###
.###.. ..# ####..
### ...... ######


You could see a hobgoblin (ally target) and a friendly quokka (summoned).

Vanquished Creatures
  4 dart slugs
  An endoplasm (D:1)
  3 goblins
  3 hobgoblins
  6 kobolds
  A quokka (D:2)
  7 ball pythons
  4 bats
  A frilled lizard (D:1)
  6 rats
36 creatures vanquished.

Vanquished Creatures (collateral kills)
  An adder (D:2)
  A dart slug (D:1)
  A bat (D:1)
  2 endoplasms (D:1)
  A giant cockroach (D:1)
  2 hobgoblins (D:1)
  2 quokkas
  2 ball pythons
  2 kobolds
  2 rats (D:1)
16 creatures vanquished.

Grand Total: 52 creatures vanquished

Notes
Turn   | Place    | Note
-------+----------+-------------------------------------------
     0 | D:1      | grimtooth the Felid Summoner began the quest for the Orb.
     0 | D:1      | Reached XP level 1. HP: 7/7 MP: 4/4
   564 | D:1      | Found a faded altar of an unknown god.
   672 | D:1      | Found Ecre's Armour Shoppe.
   853 | D:1      | Reached XP level 2. HP: 6/11 MP: 3/6
  2544 | D:1      | Found Oqali's Antique Weapon Boutique.
  2772 | D:1      | Learned a level 2 spell: Call Imp
  2785 | D:2      | Reached XP level 3. HP: 14/14 MP: 7/7
  3695 | D:2      | Reached skill level 5 in Summonings
  4268 | D:2      | Learned a level 3 spell: Call Canine Familiar
  4389 | D:3      | - hexes!
  4552 | D:3      | Slain by a hobgoblin

Illustrated notes

#.<.# #..g# #...###
####....#
.........#####
##...........###
#.#.#..........
...#.#.......###
##..........>.#### #
##.#..>.........##.#
.......@..........#
#........[..##.##.#
####.######.......#
# #....##.# #..###
#..####.# ##.......#
#....##### #..#.#
#....# ##.###


Turn 4389 on D:3: - hexes!

Levels and vault maps discovered:
D:1:      dpeg_arrival_water_temple_mockup, layout_basic, serial_shops,
          nicolae_shop_crystal, shop, ebering_ecumenical_altar_sacrificial
D:2:      layout_loops_corners, hangedman_decor_push, serial_bayou_lagoon_a,
          minmay_close_crescents
D:3:      layout_loops_cross

Skill      XL: |  1  2  3 |
---------------+----------+-----
Stealth        | 3 4 |  4.0
Summonings     | 5 |  5.1
Dodging        | |  2.6
Spellcasting   | |  2.0

Action                   || total
-------------------------++-------
Melee: Unarmed           ||   122
       Bite              ||    11
 Cast: Summon Small Mamm ||    40
 Stab: Sleeping          ||    14
Armor: Skin              ||     6
Dodge: Dodged            ||   119
